 Dungeon Crawl Stone Soup version 0.29-a0-284-gf9362112df (webtiles) character file.

Game seed: 14582741962421915386

575 spaghetti the Skirmisher (level 7, -9/59 HPs)
             Began as a Demonspawn Chaos Knight on Mar 20, 2022.
             Was a Plaything of Xom.
             Succumbed to a cane toad's poison
             ... on level 5 of the Dungeon.
             The game lasted 00:10:13 (4463 turns).

spaghetti the Skirmisher (Demonspawn Chaos Knight)  Turns: 4463, Time: 00:10:15

Health: -9/59      AC:  8    Str: 18    XL:     7   Next: 12%
Magic:  7/7        EV: 11    Int: 13    God:    Xom [....*.]
Gold:   1310       SH:  0    Dex: 15    Spells: 3/6 levels left

rFire   . . .      SeeInvis +   q - +9 mace of Undoing {vorpal, Str+4, mace}
rCold   . . .      Faith    .   (no shield)
rNeg    . . .      Spirit   .   a - +2 leather armour
rPois   .          Reflect  .   (helmet restricted)
rElec   .          Harm     .   (no cloak)
rCorr   .          Rampage  .   (no gloves)
Will    .....                   e - +0 pair of boots
Stlth   +.........              (no amulet)
HPRegen 0.19/turn               (no ring)
MPRegen 0.10/turn               (no ring)

@: lethally poisoned (-9 -> -53)
A: slimy green scales 1, foul stench 1, antennae 1, see invisible, agile 1,
sense surroundings 1, wild magic 1, MP-powered wands
a: Renounce Religion


You were on level 5 of the Dungeon.
You worshipped Xom.
You were a beloved toy of Xom.
You visited 1 branch of the dungeon, and saw 5 of its levels.
You also visited: Sewer.

You collected 1310 gold pieces.


Innate Abilities, Weirdness & Mutations

You are partially covered in slimy green scales. (AC +2)
You may rarely emit foul miasma when damaged in melee.
You have a pair of small antennae on your head.
You have supernaturally acute eyesight. (SInv)
You are agile. (Dex +2)
You passively map a small area around you.
Your spells are a little harder to cast, but a little more powerful.
You expend magic power (3 MP) to strengthen your wands.


   Skills:
 + Level 6.3 Fighting
 - Level 3.0 Maces & Flails
 - Level 1.7 Armour
 - Level 0.8 Dodging
 - Level 3.1 Unarmed Combat
 - Level 2.0 Conjurations
 - Level 1.8 Earth Magic


You had 3 spell levels left.
You knew the following spells:

 Your Spells              Type           Power      Damage    Failure   Level
a - Stone Arrow           Conj/Erth      12%        3d7       54%         3

Your spell library contained the following spells:

 Spells                   Type           Power      Damage    Failure   Level
 Sandblast                Erth           12%        2d6       26%         1
 Foxfire                  Conj/Fire      12%        2x1d4     32%         1
 Animate Skeleton         Necr           0%         N/A       45%         1
 Pain                     Necr           0%         1d4       45%         1
 Passwall                 Tmut/Erth      2%         N/A       45%         2
 Conjure Flame            Conj/Fire      3%         6-21      67%         3
 Inner Flame              Hex/Fire       0%         N/A       80%         3
 Vampiric Draining        Necr           0%         2d6       80%         3
 Flame Wave               Conj/Fire      3%         2d4       96%         4
 Cause Fear               Hex            0%         N/A       99%         4
 Discord                  Hex            0%         N/A       100%        8

Inventory:

Hand Weapons
 d - a +0 vampiric dagger {short}
   (You found it on level 1 of the Dungeon)
 f - a +0 dagger {short}
   (You took it off a kobold on level 1 of the Dungeon)
 q - the +9 mace of Undoing (weapon) {vorpal, Str+4, mace}
   (You found it on level 4 of the Dungeon)

   It inflicts extra damage upon your enemies.
   Str:       It affects your strength (+4).
Missiles
 g - 82 stones (quivered) {throwing}
 h - 3 boomerangs {throwing}
 i - 4 datura-tipped darts {throwing}
 r - 8 poisoned darts {throwing}
Armour
 a - a +2 leather armour (worn)
 e - a +0 pair of boots (worn)
   (You found it on level 3 of the Dungeon)
Magical Staves
 j - a staff of earth {!astaff}
   (You found it on level 1 of the Dungeon)
 k - a staff of cold {!astaff}
   (You found it on level 1 of the Dungeon)
 s - a staff of poison {!astaff}
   (You found it on level 4 of the Dungeon)
Jewellery
 w - a ring of see invisible
   (You found it on level 5 of the Dungeon)
Scrolls
 c - 2 scrolls of torment {!r}
 m - 2 scrolls of fog
 n - 7 scrolls of teleportation {@r4}
 o - 5 scrolls of identify {@r1}
 t - 3 scrolls of brand weapon
 u - a scroll of fear
Potions
 v - 6 potions of flight
Miscellaneous
 b - a piece from Xom's chessboard (12/15)

Dungeon Overview and Level Annotations

Branches:
Dungeon (5/15)              Sewer (visited)
 Temple: D:4-7

Altars:
Xom

Annotations:
D:5 1 transporter

###########
#(# #(# #(#
#(# #.# #(#
#†# #@# #.#
#.############
#....).......#
#..##≈≈≈≈≈##.#
#..##≈≈≈≈≈##.#
#..≈≈.....≈≈.#
#.)≈≈.....≈≈.#
#.......†.≈≈.#


There were no monsters in sight!


Message History

The hornet stops moving altogether!
You sock the howler monkey!
The howler monkey hoots and howls with incredible vigour!
The howler monkey hits you but does no damage.
You hit the howler monkey but do no damage.
The howler monkey hits you.
The howler monkey hoots and howls with incredible vigour! 😕 HP[-3]
You take 3 damage, and now have 55/58 hp.
You sock the howler monkey!
You kill the howler monkey! 😕 HP[+1]
You now have 59 max hp (+1).
You throw a stone {throwing}. The stone {throwing} hits the hornet.
You throw a stone {throwing}.
The stone {throwing} hits the hornet but does no damage.
You throw a stone {throwing}. The stone {throwing} hits the hornet.
You throw a stone {throwing}. The stone {throwing} hits the hornet.
You throw a stone {throwing}.
The stone {throwing} hits the hornet but does no damage.
You throw a stone {throwing}.
The stone {throwing} hits the hornet but does no damage.
You throw a stone {throwing}. The stone {throwing} hits the hornet.
The hornet is no longer petrified.
You throw a stone {throwing}.
The stone {throwing} hits the hornet but does no damage.
You hit the hornet but do no damage. "This might be better!"
The hornet evaporates and reforms as a cane toad!
You are now a plaything of Xom.
The cane toad stings you!!
You are poisoned.
The cane toad poisons you! 😮 HP[-18]
You take 18 damage, and now have 38/59 hp.
MASSIVE DAMAGE!! (PAUSE)
You are too injured to fight recklessly!
You are too injured to fight recklessly!
You are too injured to fight recklessly!
You are too injured to fight recklessly!
You are too injured to fight recklessly!
You are too injured to fight recklessly!
You are too injured to fight recklessly!
You are too injured to fight recklessly!
You are too injured to fight recklessly!
You hit the cane toad.
You feel very sick. The cane toad stings you.
The cane toad stings you but does no damage. 😮 HP[-8]
You take 8 damage, and now have 30/59 hp.
You sock the cane toad!
You feel very sick. The cane toad stings you.
* * * LOW HITPOINT WARNING * * *
You are lethally poisoned!
The cane toad poisons you! 😨 HP[-9]
You take 9 damage, and now have 21/59 hp.
You feel better.
The cane toad stings you but does no damage. 😮 HP[+9]
You regained 9 hp, and now have 30/59 hp.
You sock the cane toad! The cane toad stings you!
* * * LOW HITPOINT WARNING * * *
You are lethally poisoned!
The cane toad poisons you!
The cane toad barely misses you. 😨 HP[-13]
You take 13 damage, and now have 17/59 hp.
MASSIVE DAMAGE!! (PAUSE)
You feel much better.
You feel very sick.
You are now a beloved toy of Xom.
The cane toad stings you!
* * * LOW HITPOINT WARNING * * *
You are lethally poisoned!
The cane toad poisons you! 😨 HP[+4]
You regained 4 hp, and now have 21/59 hp.
You hit the cane toad.
* * * LOW HITPOINT WARNING * * *
You feel extremely sick. The cane toad barely misses you.
The cane toad stings you!
* * * LOW HITPOINT WARNING * * *
You are more poisoned.
The cane toad poisons you! 😱 HP[-18]
You take 18 damage, and now have 3/59 hp.
MASSIVE DAMAGE!! (PAUSE) Unknown command.
Okay, then.
You are lethally poisoned (3 -> -42).
Your movement speed is average.
Your attack delay is about 1.2.
Your base attributes are Str 14, Int 13, Dex 13.
Unknown command.
You sock the cane toad!
You kill the cane toad!
The hornet returns to its original shape as it dies.
You die...
Xom roars with laughter!

Skill      XL: |  1  2  3  4  5  6 |
---------------+-------------------+-----
Unarmed Combat | 3 |  3.1
Fighting       | 4 5 6 |  6.3
Conjurations   | 2 |  2.0
Earth Magic    | 1 |  1.8
Maces & Flails | 1 3 |  3.0
Armour         | |  1.7
Dodging        | |  0.8

Action                   |  1- 3 |  4- 6 |  7- 9 || total
-------------------------+-------+-------+-------++-------
Melee: Unarmed           |    13 |       |       ||    13
       Dagger            |   237 |    69 |       ||   306
       Punch             |     4 |     3 |       ||     7
       Mace              |       |   101 |    24 ||   125
Throw: Stone             |       |    81 |    43 ||   124
Evoke: Piece from Xom's  |    17 |       |       ||    17
  Use: Scroll            |     8 |     2 |       ||    10
       Potion            |     1 |     1 |     2 ||     4
 Stab: Sleeping          |     1 |       |       ||     1
       Petrified         |     1 |       |       ||     1
       Distracted        |       |     1 |       ||     1
Armor: Leather armour    |   160 |    79 |     9 ||   248
       Skin              |       |    35 |       ||    35
Dodge: Dodged            |   201 |   148 |    13 ||   362

Levels and vault maps discovered:
D:1:      dpeg_arrival_radiant, layout_loops_ring,
          shapermc_ecumenical_altar_acropolis, minmay_pentomino_u2
D:2:      layout_loops_cross, basic_altar
D:3:      layout_basic
D:4:      layout_rooms, serial_shops, shop_fountains, small_statue_intersection
D:5:      gammafunk_steamed_eel, layout_basic, cheibrodos_sewer_entry_sluice

Notes
Turn   | Place    | Note
-------+----------+-------------------------------------------
     0 | D:1      | spaghetti the Demonspawn Chaos Knight began the quest for
                  | the Orb.
     0 | D:1      | Reached XP level 1. HP: 18/18 MP: 1/1
     0 | D:1      | magus.rc [v1.9.6]
   291 | D:1      | Reached skill level 3 in Unarmed Combat
   292 | D:1      | XOM: potion effect (berserk rage)
   352 | D:1      | Gained mutation: You are partially covered in slimy green
                  | scales. (AC +2) [demonic ancestry]
   352 | D:1      | Reached XP level 2. HP: 24/24 MP: 2/2
   364 | D:1      | You pick up a book of Necromancy and begin reading...
   364 | D:1      | You add the spells Pain, Animate Skeleton and Vampiric
                  | Draining to your library.
   483 | D:1      | Found a faded altar of an unknown god.
  1068 | D:2      | XOM: scenery: create altars
  1153 | D:2      | Noticed a phantom
  1164 | D:2      | XOM: 2-stop teleportation journey
  1274 | D:2      | XOM: silly message
  1302 | D:2      | XOM: fog
  1304 | D:2      | Reached XP level 3. HP: 30/30 MP: 3/3
  1351 | D:2      | Found a shimmering altar of Xom.
  1401 | D:2      | Reached skill level 4 in Fighting
  1724 | D:2      | XOM: give mutation
  1724 | D:2      | Gained mutation: You expend magic power (3 MP) to
                  | strengthen your wands. [Xom's grace]
  1919 | D:3      | HP: 5/31 [goblin/+0 club (4)]
  1926 | D:3      | HP: 4/31 [hobgoblin (3)]
  1928 | D:3      | XOM: 2-stop teleportation journey
  1941 | D:3      | HP: 4/31 [adder (3)]
  1947 | D:3      | HP: 4/31 [adder (1)]
  1961 | D:3      | Reached XP level 4. HP: 16/38 MP: 4/4
  2144 | D:3      | You pick up a book of Hexes and begin reading...
  2144 | D:3      | You add the spells Inner Flame, Cause Fear and Discord to
                  | your library.
  2230 | D:3      | XOM: summons friendly shadow imp
  2250 | D:3      | Reached skill level 5 in Fighting
  2287 | D:3      | XOM: summons 4 friendly demons
  2460 | D:3      | XOM: give mutations
  2460 | D:3      | Gained mutation: Your spells are a little harder to cast,
                  | but a little more powerful. [Xom's grace]
  2460 | D:3      | Gained mutation: You are agile. (Dex +2) [Xom's grace]
  2512 | D:3      | XOM: give mutation
  2512 | D:3      | Gained mutation: You have supernaturally acute eyesight.
                  | (SInv) [Xom's grace]
  2573 | D:3      | XOM: 1-stop teleportation journey
  2593 | D:3      | Reached XP level 5. HP: 42/44 MP: 5/5
  2719 | D:3      | XOM: 3-stop teleportation journey
  2780 | D:3      | XOM: noise
  2846 | D:3      | XOM: god gift: 47 gold pieces
  2852 | D:3      | You pick up a book of Geomancy and begin reading...
  2852 | D:3      | You add the spells Sandblast, Passwall and Stone Arrow to
                  | your library.
  2873 | D:3      | Learned a level 3 spell: Stone Arrow
  2902 | D:4      | XOM: confuse monster(s)
  2910 | D:4      | Identified the +9 mace of Undoing {vorpal, Str+4}
  2922 | D:4      | Noticed a phantom
  2931 | D:4      | Killed a phantom
  2932 | D:4      | Reached skill level 1 in Conjurations
  2932 | D:4      | Reached skill level 1 in Earth Magic
  3051 | D:4      | Reached skill level 2 in Conjurations
  3060 | D:4      | XOM: 3-stop teleportation journey
  3066 | D:4      | You pick up a book of Flames and begin reading...
  3066 | D:4      | You add the spells Foxfire, Conjure Flame and Flame Wave to
                  | your library.
  3098 | D:4      | Found Feil's Antique Weapon Shoppe.
  3315 | D:4      | Reached skill level 1 in Maces & Flails
  3315 | D:4      | Gained mutation: You may rarely emit foul miasma when
                  | damaged in melee. [demonic ancestry]
  3315 | D:4      | Reached XP level 6. HP: 51/51 MP: 6/6
  3424 | D:4      | XOM: give mutations
  3424 | D:4      | Gained mutation: You passively map a small area around you.
                  | [Xom's grace]
  3424 | D:4      | Gained mutation: You have a pair of small antennae on your
                  | head. [Xom's grace]
  3508 | D:5      | Entered Level 5 of the Dungeon
  3533 | D:5      | Reached skill level 2 in Maces & Flails
  3664 | D:5      | Reached skill level 3 in Maces & Flails
  3682 | D:5      | Found a transporter.
  3689 | D:5      | Found a glowing drain.
  3689 | D:5      | XOM: 6-stop teleportation journey
  3690 | D:5      | XOM: snakes to sticks
  3702 | Sewer    | Entered a sewer
  3882 | Sewer    | XOM: polymorph giant cockroach -> frilled lizard
  3940 | Sewer    | XOM: god gift: 1062 gold pieces
  3971 | Sewer    | XOM: summons friendly shadow imp
  4007 | Sewer    | XOM: summons 6 friendly demons
  4011 | Sewer    | Reached skill level 6 in Fighting
  4012 | Sewer    | Reached XP level 7. HP: 54/58 MP: 7/7
  4263 | Sewer    | XOM: confuse monster(s)
  4440 | D:5      | Noticed a hornet
  4443 | D:5      | XOM: enchant monster (good)
  4456 | D:5      | Noticed a cane toad
  4456 | D:5      | a hornet changed into a cane toad
  4456 | D:5      | XOM: polymorph hornet -> cane toad
  4462 | D:5      | HP: 13/59 [poisoned by a cane toad]
  4462 | D:5      | HP: 3/59 [cane toad (10)]
  4463 | D:5      | Killed a cane toad
  4463 | D:5      | Succumbed to a cane toad's poison

Vanquished Creatures
  A cane toad (D:5)
  A phantom (D:4)
  2 scorpions
  A howler monkey (D:5)
  An orc wizard (D:5)
  11 adders
  4 river rats (Sewer)
  An ufetubus (D:4)
  2 worms
  A dart slug (D:4)
  8 orcs
  6 endoplasms
  4 giant cockroaches
  5 goblins
  7 hobgoblins
  4 jackals
  5 quokkas
  14 ball pythons
  17 bats
  5 frilled lizards
  7 kobolds
  5 rats
112 creatures vanquished.

Vanquished Creatures (collateral kills)
  2 orc wizards (D:3)
  An adder (Sewer)
  4 orcs (D:3)
  A hobgoblin (D:3)
  A ball python (D:3)
9 creatures vanquished.

Grand Total: 121 creatures vanquished

Table legend:
 A = Non-vault XP
 B = Vault XP
 C = Vault XP percentage of total XP
 D = Non-vault monster count
 E = Vault monster count
 F = Vault count percentage of total count
                 A         B        C        D         E       F
            +---------+---------+-------+---------+---------+-------
      Total |    1080 |     160 |  12.9 |      85 |      36 |  29.8
            +---------+---------+-------+---------+---------+-------
        D:1 |      27 |       4 |  12.9 |      17 |       2 |  10.5
        D:2 |      44 |       0 |   0.0 |      21 |       0 |   0.0
        D:3 |     125 |       0 |   0.0 |      20 |       0 |   0.0
        D:4 |     259 |       0 |   0.0 |      17 |       0 |   0.0
        D:5 |     625 |       7 |   1.1 |      10 |       2 |  16.7
      Sewer |       0 |     149 | 100.0 |       0 |      32 | 100.0
            +---------+---------+-------+---------+---------+-------

Illustrated notes

Table legend:
 A = Kills in this place as a percentage of kills in entire the game.
 B = Kills by you in this place as a percentage of kills by you in the entire game.
 C = Kills by friends in this place as a percentage of kills by friends in the entire game.
 D = Other kills in this place as a percentage of other kills in the entire game.
 E = Experience gained in this place as a percentage of experience gained in the entire game.
 F = Experience gained in this place divided by the number of levels of this place that you have seen.
                   A       B       C       D       E      F
               +-------+-------+-------+-------+-------+----------------------
         Total | 100.0 | 100.0 | 100.0 |   N/A | 100.0 | 206.7
       Dungeon |  73.6 |  72.3 |  88.9 |   N/A |  88.0 | 218.2
         Sewer |  26.4 |  27.7 |  11.1 |   N/A |  12.0 | 149.0
               +-------+-------+-------+-------+-------+----------------------

Table legend: (Time is in decaauts)
 A = Elapsed time spent in this place.
 B = Non-inter-level travel time spent in this place.
 C = Inter-level travel time spent in this place.
 D = Time resting spent in this place.
 E = Time spent auto-exploring this place.
 F = Levels seen in this place.
 G = Mean time per level.
                   A        B        C        D        E       F      G
               +--------+--------+--------+--------+--------+-----+--------+
         Total |   4656 |   4574 |     82 |    620 |   2817 |   6 |  776.0 |
       Dungeon |   3794 |   3712 |     82 |    620 |   2221 |   5 |  758.8 |
         Sewer |    861 |    861 |      0 |      0 |    596 |   1 |  861.0 |
               +--------+--------+--------+--------+--------+-----+--------+

Top non-repeatable levels by time:
     D:3: 1017 daAuts
     D:1: 999 daAuts
     D:2: 892 daAuts
   Sewer: 861 daAuts
     D:4: 622 daAuts
     D:5: 262 daAuts
